 Dungeon Crawl Stone Soup version 0.29.1-12-g30fa7ad0bf (webtiles) character file.

Game seed: 11585588966206533587

52 EarthwalkerPL the Trooper (level 3, 0/33 HPs)
             Began as a Minotaur Fighter on Jan 7, 2023.
             Slain by a hobgoblin
             ... wielding a +0 war axe
              (17 damage)
             ... on level 2 of the Dungeon.
             The game lasted 00:01:48 (1312 turns).

EarthwalkerPL the Trooper (Minotaur Fighter)        Turns: 1312, Time: 00:01:49

Health: 0/33       AC:  7    Str: 22    XL:     3   Next: 60%
Magic:  2/2        EV:  9    Int:  5    God:
Gold:   110        SH:  4    Dex:  9    Spells: 2/2 levels left

rFire   . . .      SeeInvis .   a - +0 war axe
rCold   . . .      Faith    .   c - +0 buckler
rNeg    . . .      Spirit   .   b - +0 scale mail
rPois   .          Reflect  .   (helmet restricted)
rElec   .          Harm     .   (no cloak)
rCorr   .          Rampage  .   (no gloves)
Will    .....                   (no boots)
Stlth   ..........              (no amulet)
HPRegen 0.11/turn               (no ring)
MPRegen 0.08/turn               (no ring)

@: no status effects
A: horns 2, retaliatory headbutt
a: no special abilities


You were on level 2 of the Dungeon.
You visited 1 branch of the dungeon, and saw 2 of its levels.

You collected 110 gold pieces.

Inventory:

Hand Weapons
 a - a +0 war axe (weapon)
Armour
 b - a +0 scale mail (worn)
 c - a +0 buckler (worn)
Scrolls
 e - a scroll of fog {unknown}
 h - a scroll of noise {unknown}
 i - 2 scrolls of enchant armour {unknown}
 j - a scroll of torment {unknown}
 m - a scroll of teleportation {unknown}
 n - a scroll of identify {unknown}
Potions
 d - a potion of might
 f - a potion of attraction {unknown}
 g - a potion of heal wounds {unknown}
 k - a potion of lignification {unknown}
 l - 2 potions of haste {unknown}


   Skills:
 * Level 4.2 Fighting
 * Level 3.2 Axes
 * Level 4.1 Armour
 * Level 4.2 Shields


You had 2 spell levels left.
You didn't know any spells.
Your spell library contained the following spells:

 Spells                   Type           Power      Damage    Failure   Level
 Magic Dart               Conj           0%         1d3       87%         1
 Call Imp                 Summ           0%         N/A       95%         2
 Mephitic Cloud           Conj/Pois/Air  0%         N/A       99%         3
 Portal Projectile        Hex/Tloc       0%         N/A       99%         3
 Tukima's Dance           Hex            0%         N/A       99%         3
 Blade Hands              Tmut           0%         N/A       100%        5


Dungeon Overview and Level Annotations

Branches:
Dungeon (2/15)

Altars:
Dithmenos

Annotations:
D:2 Robin


Innate Abilities, Weirdness & Mutations

You have a pair of horns on your head.
You reflexively headbutt those who attack you in melee.


Message History

* * * LOW HITPOINT WARNING * * *
You are poisoned.
The adder poisons you!
You closely miss the adder. You headbutt the adder.
You kill the adder!
You feel sick.
You start resting.
You feel sick. x4
You are no longer poisoned.
You start resting.
HP restored.
You climb downwards.
Level annotation: Robin The hobgoblin closely misses you.
There is a stone staircase leading up here.
You barely miss the hobgoblin.
The hobgoblin hits you but does no damage.
The hobgoblin barely misses you.
You barely miss Robin. You closely miss the hobgoblin. Robin barely misses you.
The hobgoblin hits you.
You closely miss Robin. You slash the hobgoblin!
You kill the hobgoblin!
You hit the hobgoblin but do no damage. Robin hits you with a +0 club.
The hobgoblin closely misses you. Robin hits you with a +0 club.
The hobgoblin closely misses you.
You barely miss Robin. You barely miss the hobgoblin.
Robin roars a battlecry!
The hobgoblin goes into a battle-frenzy!
The hobgoblin hits you with a +0 war axe.
You hit Robin. You headbutt Robin.
Robin is moderately wounded.
You barely miss the hobgoblin. Robin hits you with a +0 club.
You block the hobgoblin's attack.
You slash Robin!
Robin is almost dead.
You hit the hobgoblin. Robin hits you but does no damage.
The hobgoblin hits you but does no damage.
Robin hits you but does no damage.
The hobgoblin hits you with a +0 war axe!
Ouch! That really hurt!
You die...

.. ... ...#
.....
.....#+#####
.........#
#......#
#..@†..+
#.gg...#
#....).#
........#
....######
......
..##.. ..
#..


You could see Robin and a hobgoblin (strong).

Vanquished Creatures
  An adder (D:1)
  A dart slug (D:1)
  3 endoplasms (D:1)
  A giant cockroach (D:1)
  10 goblins
  5 hobgoblins
  4 kobolds
  2 quokkas (D:1)
  2 ball pythons (D:1)
  A bat (D:1)
  2 frilled lizards (D:2)
  5 rats (D:1)
37 creatures vanquished.

Notes
Turn   | Place    | Note
-------+----------+-------------------------------------------
     0 | D:1      | EarthwalkerPL the Minotaur Fighter began the quest for the
                  | Orb.
     0 | D:1      | Reached XP level 1. HP: 19/19 MP: 0/0
   192 | D:1      | Reached XP level 2. HP: 25/27 MP: 1/1
   872 | D:2      | Reached XP level 3. HP: 33/33 MP: 2/2
   876 | D:2      | Found a shadowy altar of Dithmenos.
  1018 | D:2      | Noticed Robin
  1312 | D:2      | Slain by a hobgoblin

Illustrated notes

Levels and vault maps discovered:
D:1:      minmay_arrival_stair_chambers, layout_loops_cross
D:2:      layout_basic, basic_altar, uniq_robin

Skill      XL: |  1  2 |
---------------+-------+-----
Armour         | 4 |  4.1
Fighting       | 4 |  4.2
Shields        | 4 |  4.2
Axes           | 3 |  3.2

Action                   || total
-------------------------++-------
Melee: War axe           ||    63
       Headbutt          ||     7
Armor: Scale mail        ||    45
Dodge: Dodged            ||    28
Block: Buckler           ||    15
